 Dungeon Sprint DCSS version 0.22-a0-63-geddfa9b (webtiles) character file.

291311 Faca the Swordmaster (level 18, -19/200 HPs)
             Began as a Minotaur Berserker on Jan 5, 2018.
             Was the Champion of Trog.
             Demolished by a golden dragon (31 damage)
             ... in the Dungeon (Sprint IX: "|||||||||||||||||||||||||||||") on Jan 11, 2018.
             The game lasted 00:46:32 (11822 turns).

Faca the Swordmaster (Minotaur Berserker)          Turns: 11822, Time: 00:46:33

Health: -19/200    AC: 42    Str: 24    XL:     18   Next: 44%
Magic:  32/32      EV: 28    Int:  4    God:    Trog [******]
Gold:   1501       SH:  0    Dex: 22    Spells: 17/17 levels left

rFire    + . .     SeeInvis +   o - +8 triple sword of the Firefly {freeze, rElec rF+}
rCold    . . .     Gourm    .   (shield currently unavailable)
rNeg     . . .     Faith    .   a - +4 plate armour {MR+}
rPois    +         Spirit   .   G - +2 hat {SInv}
rElec    +         Reflect  .   s - +2 cloak {rPois}
rCorr    .         Harm     .   z - +1 pair of gloves
MR       ++...     NoTele   +   F - +1 pair of boots
Stlth    +++++.....             (no amulet)
HPRegen  0.00/turn              x - +4 ring of protection
MPRegen  0.23/turn              y - +6 ring of dexterity

@: studying Throwing
A: retaliatory headbutt, horns 2, inhibited regeneration, MP-powered wands
}: 5/15 runes: decaying, serpentine, barnacled, silver, gossamer
a: Berserk, Trog's Hand, Brothers in Arms, Burn Spellbooks, Renounce Religion


You were in the Dungeon.
You worshipped Trog.
Trog was exalted by your worship.
You were very hungry.

You visited 1 branch You collected 1901 gold pieces.
You spent 400 gold pieces at shops.

Inventory:

Hand Weapons
 b - a +9 demon blade of electrocution
 e - the +1 great sword of Tension {flame, rF+ SInv}
   (Trog gifted it to you in the Dungeon)

   It has been specially enchanted to burn those struck by it, causing extra
   injury to most foes and up to half again as much damage against particularly
   susceptible opponents.
   Big, fiery blades are also staple armaments of hydra-hunters.
   It protects you from fire.
   It lets you see invisible.
 o - the +8 triple sword of the Firefly (weapon) {freeze, rElec rF+}
   (Trog gifted it to you in the Dungeon)

   It has been specially enchanted to freeze those struck by it, causing extra
   injury to most foes and up to half again as much damage against particularly
   susceptible opponents.
   It can also slow down cold-blooded creatures.
   It protects you from fire.
   It insulates you from electricity.
 A - the +8 great sword of Trog's Castigation {protect, +Blink rC+ Stlth+}
   (Trog gifted it to you in the Dungeon)

   It protects the one who uses it against injury (+AC on strike).
   It protects you from cold.
   It lets you blink.
   It makes you more stealthy.
Armour
 a - a +4 plate armour of magic resistance (worn)
 s - a +2 cloak of poison resistance (worn)
 z - a +1 pair of gloves (worn)
 F - a +1 pair of boots (worn)
 G - a +2 hat of see invisible (worn)
Jewellery
 w - the amulet "Douclei" {RegenMP rN+ Str+5}
   (You found it in the Dungeon)

   [amulet of magic regeneration]

   It increases your magic regeneration.
   It affects your strength (+5).
   It protects you from negative energy.
 x - a +4 ring of protection (left hand)
 y - a +6 ring of dexterity (right hand)
 E - a +2 ring of slaying
 H - the ring "Litzur" {Str+3 Slay+3}
   (You found it in the Dungeon)

   [ring of slaying]

   It affects your strength (+3).
   It affects your accuracy and damage with ranged weapons and melee attacks
   (+3).
 I - the amulet "Suisuef" {Gourm rC+ MR- Int+5}
   (You found it in the Dungeon)

   [amulet of the gourmand]

   It allows you to eat raw meat even when not hungry.
   It affects your intelligence (+5).
   It protects you from cold.
   It affects your resistance to hostile enchantments.
 J - the amulet "Zuerr" {Regen+ Int-5 Dex+5}
   (You found it in the Dungeon)

   [amulet of regeneration]

   It affects your intelligence (-5).
   It affects your dexterity (+5).
   It increases your rate of regeneration.
 K - the ring "Wogufoem" {rN+ Dex+3}
   (You found it in the Dungeon)

   [ring of dexterity]

   It affects your dexterity (+3).
   It protects you from negative energy.
Wands
 l - a wand of acid (10)
Scrolls
 i - 7 scrolls of blinking
 k - 11 scrolls of remove curse
 m - a scroll of enchant weapon
 u - a scroll of fog
 v - 5 scrolls of fear
Potions
 d - 8 potions of curing
 f - 9 potions of haste
 g - 4 potions of magic
 h - 3 potions of berserk rage
 j - a potion of invisibility
 n - 2 potions of agility
 q - a potion of ambrosia
 r - a potion of flight
 B - 3 potions of brilliance
 C - 2 potions of mutation
 L - 2 potions of might
 M - a potion of resistance
Books
 p - a manual of Throwing
Comestibles
 c - 2 rations
 t - a chunk of flesh


   Skills:
 O Level 27 Fighting
 O Level 27 Long Blades
 O Level 27 Armour
 O Level 27 Dodging
 + Level 24.6 Stealth
 + Level 22.2 Evocations


You had 17 spell levels left.
You didn't know any spells.

Dungeon Overview and Level Annotations

Branches:
Dungeon (1/1)

Altars:
Cheibriados
Dithmenos
Elyvilon
Fedhas
Gozag
Hepliaklqana
Kikubaaqudgha
Makhleb
Nemelex Xobeh
Okawaru
Qazlal
Ru
Sif Muna
Trog
Uskayaw
Vehumet
Wu Jian
Xom
Yredelemnul
Zin
The Shining One
Beogh
Jiyva
Lugonu

Shops:
D [*=[


Innate Abilities, Weirdness & Mutations

You reflexively headbutt those who attack you in melee.
You have a pair of horns on your head.
You do not regenerate when monsters are visible.
You expend magic power (3 MP) to strengthen your wands.


Message History

The golden dragon barely misses you. The golden dragon closely misses you.
There is an open door here.
You see here a runed falchion {god gift}.
You slice the golden dragon!! You freeze the golden dragon.
You headbutt the golden dragon, but do no damage.
The golden dragon is moderately wounded.
You are no longer firmly anchored in space.
The golden dragon bites you but does no damage.
The golden dragon claws you but does no damage.
The golden dragon misses you.
You slice the golden dragon!!
The golden dragon is moderately wounded.
The golden dragon bites you.
* * * LOW HITPOINT WARNING * * *
The golden dragon misses you. The golden dragon closely misses you.
You slash the golden dragon! You freeze the golden dragon.
You headbutt the golden dragon, but do no damage.
The golden dragon is moderately wounded.
The golden dragon bites you!!
You die...

)[...)[..').)).......(.)...')..))
▓▓▓▓▓▓▓▓▓▓▓▓▓▓▓▓▓▓▓▓▓▓▓▓▓▓▓▓▓▓▓▓▓
.................................
▓▓▓▓▓▓▓▓▓▓▓▓▓▓▓▓▓▓▓▓▓▓▓▓▓▓▓▓▓▓▓▓▓
...[[[[[[[......................}
▓▓▓▓▓▓▓▓▓▓▓▓▓▓▓▓▓▓▓▓▓▓▓▓▓▓▓▓▓▓▓▓▓
..............[......)...........
▓▓▓▓▓▓▓▓▓▓▓▓▓▓▓▓▓▓▓▓▓▓▓▓▓▓▓▓▓▓▓▓▓
..)....)))......@Ddy)d....))[....
▓▓▓▓▓▓▓▓▓▓▓▓▓▓▓▓▓▓▓▓▓▓▓▓▓▓▓▓▓▓▓▓▓


You could see a golden dragon (berserk), a black draconian (berserk), a green
draconian and a moth of wrath.

Vanquished Creatures
  2 ancient liches (D)
  Mara (D)
  Mennas (D)
  Sojobo (D)
  Boris (D)
  Xtahua (D)
  Nikola (D)
  A Killer Klown (D)
  3 golden dragons (D)
  2 bone dragons (D)
  A lich (D)
  Rupert (D)
  5 tentacled monstrosities (D)
  A quicksilver dragon (D)
  2 death cobs (D)
  Frances (D)
  6 shadow dragons (D)
  2 tengu reavers (D)
  5 nagarajas (D)
  Donald (D)
  Kirke (D)
  Ilsuiw (D)
  A vault warden (D)
  An iron dragon (D)
  A draconian knight (D)
  Aizul (D)
  2 fire giants (D)
  3 frost giants (D)
  A draconian scorcher (D)
  A ghost moth (D)
  3 emperor scorpions (D)
  A draconian shifter (D)
  3 draconian stormcallers (D)
  2 stone giants (D)
  An entropy weaver (D)
  A black draconian (D)
  2 green draconians (D)
  Azrael (D)
  3 yellow draconians (D)
  An ettin (D)
  2 purple draconians (D)
  A white draconian (D)
  4 merfolk javelineers (D)
  3 red draconians (D)
  4 fire dragons (D)
  3 merfolk impalers (D)
  4 yaktaur captains (D)
  6 naga warriors (D)
  Harold (D)
  A great orb of eyes (D)
  5 ice dragons (D)
  25 vault guards (D)
  13 hydras (D)
  A spriggan air mage (D)
  2 centaur warriors (D)
  A merfolk aquamancer (D)
  2 two-headed ogres (D)
  3 ogre magi (D)
  A death knight (D)
  2 tengu warriors (D)
  A vampire mage (D)
  A shock serpent (D)
  A deep troll earth mage (D)
  A spriggan berserker (D)
  A deep elf knight (D)
  A spriggan druid (D)
  A hell knight (D)
  A sea snake (D)
  A naga ritualist (D)
  2 glowing orange brains (D)
  2 swamp dragons (D)
  A wizard (D)
  A harpy (D)
  2 ironbrand convokers (D)
  9 orc knights (D)
  A shining eye (shapeshifter) (D)
  5 wolf spiders (D)
  An ugly thing (D)
  6 orc sorcerers (D)
  A manticore (D)
  2 deep elf magi (D)
  A cyclops (D)
  6 moths of wrath (D)
  A salamander (D)
  A black mamba (D)
  3 vault sentinels (D)
  2 guardian serpents (D)
  2 naga magi (D)
  A spiny frog (shapeshifter) (D)
  2 water nymphs (D)
  8 spiny frogs (D)
  4 yaktaurs (D)
  2 demonic crawlers (D)
  A tengu conjurer (D)
  6 merfolk (D)
  A hornet (D)
  4 polar bears (D)
  A tyrant leech (D)
  3 jumping spiders (D)
  2 bog bodies (D)
  2 snapping turtles (D)
  A tarantella (D)
  A wraith (D)
  6 redbacks (D)
  A wyvern (D)
  2 fire elementals (D)
  A yak (D)
  A hungry ghost (D)
  A hog (D)
  2 vampire mosquitoes (D)
  3 nagas (D)
  2 hell hounds (D)
  2 water moccasins (D)
  5 acid dragons (D)
  3 porcupines (D)
  9 orc warriors (D)
  A sky beast (D)
  4 black bears (D)
  3 ogres (D)
  2 swamp drakes (D)
  A boggart (D)
  A wolf (D)
  A centaur (D)
  2 bullfrogs (D)
  2 wights (D)
  A crimson imp (D)
  3 orc priests (D)
  11 orc wizards (D)
  A worker ant (D)
  An adder (D)
  2 adder skeletons (D)
  A dart slug (D)
  7 orcs (D)
  A bat zombie (D)
  A goblin (D)
  A hobgoblin (D)
  A bat (D)
  A bat simulacrum (D)
  A frilled lizard (D)
  A rat (D)
340 creatures vanquished.

Vanquished Creatures (collateral kills)
  A titan (D)
  A draconian monk (D)
  A frost giant (D)
  An ettin (D)
  A deep troll shaman (D)
  A wizard (D)
  A meliai (shapeshifter) (D)
  A slime creature (D)
8 creatures vanquished.

Vanquished Creatures (others)
  A slime creature (D)
1 creature vanquished.

Grand Total: 349 creatures vanquished

Notes
Turn   | Place    | Note
-------+----------+-------------------------------------------
     0 | D        | Faca the Minotaur Berserker began the quest for the Orb.
     0 | D        | Reached XP level 1. HP: 19/19 MP: 0/0
    12 | D        | Reached ** piety under Trog
    64 | D        | Noticed a crimson imp
    64 | D        | Noticed an ogre
    65 | D        | Killed a crimson imp
    65 | D        | Reached XP level 2. HP: 30/30 MP: 1/1
    65 | D        | Reached XP level 3. HP: 37/37 MP: 2/2
    68 | D        | Reached *** piety under Trog
    69 | D        | Killed an ogre
    69 | D        | Reached XP level 4. HP: 48/48 MP: 3/3
    72 | D        | Reached XP level 5. HP: 53/53 MP: 4/4
    80 | D        | Found a roughly hewn altar of Beogh.
    80 | D        | Found a snail-covered altar of Cheibriados.
    80 | D        | Found a shadowy altar of Dithmenos.
    80 | D        | Found a white marble altar of Elyvilon.
    80 | D        | Found a blossoming altar of Fedhas.
    80 | D        | Found an opulent altar of Gozag.
    81 | D        | Found a hazy altar of Hepliaklqana.
    82 | D        | Found a viscous altar of Jiyva.
    83 | D        | Found an ancient bone altar of Kikubaaqudgha.
    84 | D        | Found a corrupted altar of Lugonu.
    85 | D        | Found a burning altar of Makhleb.
    86 | D        | Found a sparkling altar of Nemelex Xobeh.
    87 | D        | Found an iron altar of Okawaru.
    88 | D        | Found a stormy altar of Qazlal.
    89 | D        | Found a sacrificial altar of Ru.
    90 | D        | Found a deep blue altar of Sif Muna.
    91 | D        | Found a bloodstained altar of Trog.
    92 | D        | Found a hide-covered altar of Uskayaw.
    93 | D        | Found a radiant altar of Vehumet.
    94 | D        | Found an ornate altar of the Wu Jian Council.
    95 | D        | Found a shimmering altar of Xom.
    96 | D        | Found a basalt altar of Yredelemnul.
    97 | D        | Found a glowing silver altar of Zin.
    98 | D        | Found a glowing golden altar of the Shining One.
   145 | D        | Noticed a sky beast
   145 | D        | Noticed a centaur
   148 | D        | Killed a sky beast
   148 | D        | Reached **** piety under Trog
   148 | D        | Reached skill level 5 in Dodging
   149 | D        | Reached skill level 10 in Long Blades
   153 | D        | Killed a centaur
   153 | D        | Reached skill level 10 in Fighting
   153 | D        | Reached skill level 5 in Armour
   153 | D        | Reached XP level 6. HP: 66/66 MP: 5/5
   159 | D        | Reached ***** piety under Trog
   253 | D        | Noticed a two-headed ogre
   253 | D        | Noticed an eight-headed hydra
   253 | D        | Noticed a red ugly thing
   257 | D        | Killed a two-headed ogre
   257 | D        | Reached XP level 7. HP: 74/74 MP: 6/6
   257 | D        | Reached XP level 8. HP: 82/82 MP: 7/7
   260 | D        | Killed a five-headed hydra
   262 | D        | Received a gift from Trog
   270 | D        | Killed a red ugly thing
   270 | D        | Reached skill level 15 in Long Blades
   270 | D        | Reached skill level 10 in Armour
   270 | D        | Reached skill level 10 in Dodging
   270 | D        | Reached XP level 9. HP: 92/92 MP: 8/8
   277 | D        | Got an iridescent great sword {god gift}
   320 | D        | Lost intelligence.
   320 | D        | Identified the +5 great sword of the Spheres {antimagic, -Tele Int-4 Dex+6} (Trog gifted it to you in the Dungeon)
   470 | D        | Noticed a spiny frog
   470 | D        | Noticed a spiny frog
   470 | D        | Noticed a spiny frog
   477 | D        | Noticed a spiny frog
   479 | D        | Noticed a six-headed hydra
   480 | D        | Killed a spiny frog
   485 | D        | Killed a spiny frog
   485 | D        | Received a gift from Trog
   488 | D        | Killed a spiny frog
   493 | D        | Killed a four-headed hydra
   493 | D        | Reached XP level 10. HP: 58/102 MP: 9/9
   496 | D        | Killed a spiny frog
   759 | D        | Noticed a spiny frog
   759 | D        | Noticed an eight-headed hydra
   761 | D        | Reached ****** piety under Trog
   767 | D        | Killed a four-headed hydra
   767 | D        | Received a gift from Trog
   769 | D        | Noticed a spiny frog
   769 | D        | Killed a spiny frog
   782 | D        | Killed a spiny frog
  1117 | D        | Reached skill level 15 in Fighting
  1125 | D        | Received a gift from Trog
  1258 | D        | Noticed Harold
  1266 | D        | Killed Harold
  1266 | D        | Reached XP level 11. HP: 101/112 MP: 3/10
  1347 | D        | Noticed an orc knight
  1349 | D        | Noticed an orc knight
  1373 | D        | Killed an orc knight
  1382 | D        | Received a gift from Trog
  1390 | D        | Killed an orc knight
  1851 | D        | Received a gift from Trog
  1875 | D        | Noticed an orc sorcerer
  1875 | D        | Noticed an orc knight
  1879 | D        | Gained mutation: You do not regenerate when monsters are visible. [a neqoxec]
  1880 | D        | Killed an orc sorcerer
  1921 | D        | Killed an orc knight
  1968 | D        | Received a gift from Trog
  2085 | D        | Found Vonocs's Armour Emporium.
  2085 | D        | Noticed an orc sorcerer
  2088 | D        | Noticed an orc sorcerer
  2089 | D        | Noticed an orc sorcerer
  2092 | D        | Received a gift from Trog
  2101 | D        | Killed an orc sorcerer
  2102 | D        | Found Qipytin's Assorted Antiques.
  2104 | D        | Killed an orc sorcerer
  2104 | D        | Received a gift from Trog
  2109 | D        | Killed an orc sorcerer
  2110 | D        | Found Zapnam's Jewellery Emporium.
  2116 | D        | Got a bloodstained triple sword {god gift}
  2178 | D        | Identified the +8 triple sword of the Firefly {freeze, rElec rF+} (Trog gifted it to you in the Dungeon)
  2186 | D        | Found Zeopto's Armour Shoppe.
  2193 | D        | Noticed an orc sorcerer
  2196 | D        | Noticed an orc sorcerer
  2200 | D        | Killed an orc sorcerer
  2200 | D        | Received a gift from Trog
  2203 | D        | Killed an orc sorcerer
  2224 | D        | Bought a +2 plate armour of magic resistance for 400 gold pieces
  2398 | D        | Noticed a two-headed ogre
  2399 | D        | Noticed a death knight
  2401 | D        | Received a gift from Trog
  2402 | D        | Noticed a deep elf mage
  2405 | D        | Killed a two-headed ogre
  2405 | D        | Reached skill level 15 in Armour
  2407 | D        | Received a gift from Trog
  2409 | D        | Noticed a tengu warrior
  2410 | D        | Noticed a tengu warrior
  2411 | D        | Killed a death knight
  2412 | D        | Noticed a shining eye
  2414 | D        | Killed a deep elf mage
  2414 | D        | Reached XP level 12. HP: 108/124 MP: 11/11
  2419 | D        | Killed a tengu warrior
  2423 | D        | Killed a tengu warrior
  2424 | D        | Noticed a vampire mage
  2426 | D        | Received a gift from Trog
  2428 | D        | Noticed a deep troll earth mage
  2429 | D        | Noticed an ogre mage
  2441 | D        | Killed a vampire mage
  2441 | D        | Reached skill level 15 in Dodging
  2442 | D        | Killed a deep troll earth mage
  2446 | D        | Killed an ogre mage
  2792 | D        | Noticed Azrael
  2801 | D        | Killed Azrael
  2806 | D        | Received a gift from Trog
  3106 | D        | Noticed Aizul
  3119 | D        | Killed Aizul
  3512 | D        | Received a gift from Trog
  3525 | D        | Received a gift from Trog
  3693 | D        | Noticed an entropy weaver
  3716 | D        | Killed an entropy weaver
  3725 | D        | Received a gift from Trog
  3725 | D        | Reached XP level 13. HP: 59/136 MP: 12/12
  4302 | D        | Received a gift from Trog
  4371 | D        | Received a gift from Trog
  4377 | D        | Received a gift from Trog
  4725 | D        | Noticed Kirke
  4767 | D        | Killed Kirke
  4875 | D        | Noticed a frost giant
  4875 | D        | Noticed a fire dragon
  4875 | D        | Noticed a stone giant
  4875 | D        | Noticed a fire dragon
  4881 | D        | Killed a frost giant
  4883 | D        | Noticed a frost giant
  4883 | D        | Received a gift from Trog
  4890 | D        | Killed a fire dragon
  4892 | D        | Noticed a frost giant
  4894 | D        | Killed a stone giant
  4897 | D        | Killed a fire dragon
  4902 | D        | Noticed an ettin
  4903 | D        | Killed a frost giant
  4903 | D        | Received a gift from Trog
  4924 | D        | Killed a frost giant
  4925 | D        | Received a gift from Trog
  4926 | D        | Killed an ettin
  4928 | D        | Received a gift from Trog
  5122 | D        | Reached XP level 14. HP: 132/149 MP: 13/13
  5187 | D        | Received a gift from Trog
  5350 | D        | Received a gift from Trog
  5400 | D        | Noticed a stone giant
  5408 | D        | Killed a stone giant
  5408 | D        | Received a gift from Trog
  5760 | D        | Received a gift from Trog
  5766 | D        | Reached skill level 27 in Long Blades
  5769 | D        | Got a warped great sword {god gift}
  5889 | D        | Identified the +1 great sword of Tension {flame, rF+ SInv} (Trog gifted it to you in the Dungeon)
  5899 | D        | Noticed a Killer Klown
  5919 | D        | Killed a Killer Klown
  5919 | D        | Received a gift from Trog
  6233 | D        | Noticed Boris
  6234 | D        | Noticed Nikola
  6245 | D        | Killed Boris
  6245 | D        | Received a gift from Trog
  6258 | D        | Killed Nikola
  6550 | D        | Noticed Mara
  6565 | D        | Noticed Faca's illusion
  6565 | D        | Killed Mara
  6871 | D        | Noticed a tengu reaver
  6872 | D        | Noticed a tengu reaver
  6873 | D        | Noticed Sojobo
  6924 | D        | Killed a tengu reaver
  6924 | D        | Reached XP level 15. HP: 119/163 MP: 14/14
  6927 | D        | Killed a tengu reaver
  6927 | D        | Received a gift from Trog
  7153 | D        | Killed Sojobo
  7195 | D        | Noticed Frances
  7202 | D        | Killed Frances
  7225 | D        | Noticed Ilsuiw
  7241 | D        | Received a gift from Trog
  7252 | D        | Received a gift from Trog
  7303 | D        | Killed Ilsuiw
  7431 | D        | Received a gift from Trog
  7478 | D        | Got a barnacled rune of Zot
  7653 | D        | Noticed a nagaraja
  7653 | D        | Noticed a nagaraja
  7653 | D        | Noticed a nagaraja
  7691 | D        | Killed a nagaraja
  7696 | D        | Killed a nagaraja
  7706 | D        | Killed a nagaraja
  7710 | D        | Noticed a nagaraja
  7721 | D        | Killed a nagaraja
  7721 | D        | Received a gift from Trog
  7846 | D        | Noticed a nagaraja
  7856 | D        | Killed a nagaraja
  8160 | D        | Received a gift from Trog
  8282 | D        | Got a serpentine rune of Zot
  8303 | D        | Received a gift from Trog
  8311 | D        | Received a gift from Trog
  8320 | D        | Got a dazzling great sword {god gift}
  8345 | D        | Received a gift from Trog
  8346 | D        | Got an encrusted demon blade {god gift}
  8347 | D        | Identified the +10 great sword "Puehesm" {antimagic, rElec MR- Str+2 Dex+2} (Trog gifted it to you in the Dungeon)
  8348 | D        | Identified the +8 demon blade "Hecrik" {drain, rF+ Str-5 Int+4 SInv} (Trog gifted it to you in the Dungeon)
  8427 | D        | Got a decaying rune of Zot
  8461 | D        | Noticed a ghost moth
  8475 | D        | Reached XP level 16. HP: 182/182 MP: 0/15
  8489 | D        | Received a gift from Trog
  8600 | D        | Received a gift from Trog
  8617 | D        | Got a gossamer rune of Zot
  8697 | D        | Noticed Rupert
  8707 | D        | Killed Rupert
  8707 | D        | Reached skill level 27 in Fighting
  8798 | D        | Received a gift from Trog
  8874 | D        | Received a gift from Trog
  8878 | D        | Reached skill level 27 in Armour
  9098 | D        | Received a gift from Trog
  9101 | D        | Got a crude great sword {god gift}
  9112 | D        | Identified the +0 great sword of Ethics {venom, rF+ Dex+4 Stlth+} (Trog gifted it to you in the Dungeon)
  9200 | D        | Reached skill level 27 in Dodging
  9200 | D        | Reached skill level 1 in Stealth
  9291 | D        | Received a gift from Trog
  9291 | D        | Reached skill level 5 in Stealth
  9394 | D        | Received a gift from Trog
  9395 | D        | Reached skill level 10 in Stealth
  9404 | D        | Got a pitted great sword {god gift}
  9405 | D        | Identified the +2 great sword "Kupiseho" {slice, *Contam +Rage MR+ Str+3} (Trog gifted it to you in the Dungeon)
  9430 | D        | Noticed a shadow dragon
  9439 | D        | Noticed a tentacled monstrosity
  9443 | D        | Killed a shadow dragon
  9450 | D        | Killed a tentacled monstrosity
  9450 | D        | Received a gift from Trog
  9454 | D        | Got a brightly glowing great sword {god gift}
  9473 | D        | Gained mutation: You expend magic power (3 MP) to strengthen your wands. [mutagenic glow]
  9513 | D        | Identified the +8 great sword of Trog's Castigation {protect, +Blink rC+ Stlth+} (Trog gifted it to you in the Dungeon)
  9619 | D        | Reached skill level 1 in Evocations
  9713 | D        | Noticed a shadow dragon
  9720 | D        | Killed a shadow dragon
  9720 | D        | Received a gift from Trog
  9889 | D        | Reached skill level 5 in Evocations
  9946 | D        | Noticed a shadow dragon
  9946 | D        | Noticed an ancient lich
  9946 | D        | Noticed a titan
  9946 | D        | Noticed an ancient lich
  9946 | D        | Noticed a shadow dragon
  9956 | D        | Paralysed by an ancient lich for 3 turns
  9979 | D        | Killed an ancient lich
  9979 | D        | Reached skill level 15 in Stealth
  9995 | D        | Killed an ancient lich
  9995 | D        | Received a gift from Trog
  9995 | D        | Reached skill level 10 in Evocations
  9995 | D        | Reached XP level 17. HP: 165/191 MP: 13/23
 10006 | D        | Noticed a quicksilver dragon
 10020 | D        | Killed a titan
 10041 | D        | Received a gift from Trog
 10044 | D        | Killed a quicksilver dragon
 10102 | D        | Noticed a lich
 10111 | D        | Killed a lich
 10312 | D        | Got a silver rune of Zot
 10361 | D        | Noticed Donald
 10377 | D        | Killed Donald
 10377 | D        | Received a gift from Trog
 10446 | D        | Got the amulet "Douclei" {RegenMP rN+ Str+5}
 10448 | D        | Got the ring "Litzur" {Str+3 Slay+3}
 10450 | D        | Got the amulet "Suisuef" {Gourm rC+ MR- Int+5}
 10452 | D        | Got the amulet "Zuerr" {Regen+ Int-5 Dex+5}
 10454 | D        | Got the ring "Wogufoem" {rN+ Dex+3}
 10478 | D        | Upgraded the game from 0.22-a0-42-g002c468 to 0.22-a0-63-geddfa9b
 10535 | D        | Noticed Mennas
 10573 | D        | Killed Mennas
 10838 | D        | Noticed Xtahua
 10846 | D        | Killed Xtahua
 10846 | D        | Reached skill level 15 in Evocations
 10907 | D        | Noticed a golden dragon
 10920 | D        | Killed a golden dragon
 10925 | D        | Received a gift from Trog
 10931 | D        | Noticed a golden dragon
 10943 | D        | Killed a golden dragon
 11103 | D        | Noticed a bone dragon
 11115 | D        | Killed a bone dragon
 11122 | D        | Received a gift from Trog
 11140 | D        | Noticed a bone dragon
 11143 | D        | Received a gift from Trog
 11159 | D        | Killed a bone dragon
 11448 | D        | Got a twisted great sword {god gift}
 11449 | D        | Identified the +9 great sword of Obegran {elec, rC+} (Trog gifted it to you in the Dungeon)
 11464 | D        | Noticed a tentacled monstrosity
 11478 | D        | Killed a tentacled monstrosity
 11478 | D        | Received a gift from Trog
 11500 | D        | Reached XP level 18. HP: 158/200 MP: 30/30
 11602 | D        | Noticed a tentacled monstrosity
 11602 | D        | Noticed a tentacled monstrosity
 11609 | D        | Killed a tentacled monstrosity
 11617 | D        | Killed a tentacled monstrosity
 11617 | D        | Received a gift from Trog
 11685 | D        | Received a gift from Trog
 11690 | D        | Noticed a tentacled monstrosity
 11707 | D        | Killed a tentacled monstrosity
 11710 | D        | Received a gift from Trog
 11778 | D        | Noticed a golden dragon
 11778 | D        | Noticed a golden dragon
 11780 | D        | Killed a golden dragon
 11796 | D        | Received a gift from Trog
 11822 | D        | Demolished by a golden dragon

Vault maps used:
D:        linesprint

Skill      XL: |  1  2  3  4  5  6  7  8  9 10 11 12 13 14 15 16 17 18 |
---------------+-------------------------------------------------------+-----
Long Blades    | 6 8 10 13 15 17 19 21 23 26 27 | 27.0
Fighting       | 6 7 8 10 11 12 13 15 16 18 20 23 26 27 | 27.0
Armour         | 3 4 5 8 10 11 13 15 17 19 22 25 27 | 27.0
Dodging        | 3 4 6 8 10 11 12 14 16 18 21 24 27 | 27.0
Stealth        | 16 22 24 | 24.6
Evocations     | 10 19 22 | 22.2

Action                   |  1- 3 |  4- 6 |  7- 9 | 10-12 | 13-15 | 16-18 || total
-------------------------+-------+-------+-------+-------+-------+-------++-------
Melee: Falchion          |    17 |     5 |       |       |       |       ||    22
       Headbutt          |     5 |     2 |     9 |    73 |   109 |   177 ||   375
       Scimitar          |       |    13 |    33 |    26 |       |       ||    72
       Great sword       |       |       |       |   117 |    43 |       ||   160
       Triple sword      |       |       |       |   122 |   337 |   472 ||   931
Invok: Berserk           |     1 |     2 |       |       |     4 |     1 ||     8
       Brothers in Arms  |       |       |       |       |     1 |     7 ||     8
       Burn Spellbooks   |       |       |       |       |       |     2 ||     2
  Use: Scroll            |       |       |       |     2 |    11 |     2 ||    15
       Potion            |       |       |       |     1 |     8 |     6 ||    15
 Stab: Confused          |       |       |       |     2 |       |     1 ||     3
       Distracted        |       |       |       |       |     1 |       ||     1
       Sleeping          |       |       |       |       |       |     2 ||     2
  Eat: Chunk             |       |       |     2 |     1 |     5 |     4 ||    12
       Ration            |       |       |       |     3 |     4 |     3 ||    10
Armor: Animal skin       |     3 |       |       |       |       |       ||     3
       Chain mail        |       |     4 |    10 |    34 |       |       ||    48
       Plate armour      |       |       |       |    65 |   152 |   169 ||   386
Dodge: Dodged            |     6 |     7 |    14 |   131 |   230 |   365 ||   753
       Rpst.: Scimitar   |       |     1 |     3 |     4 |       |       ||     8
       Great sword       |       |       |       |     6 |     4 |       ||    10
       Triple sword      |       |       |       |    13 |    28 |    60 ||   101

Table legend:
 A = Spawn XP
 B = Non-spawn XP
 C = Spawn XP percentage of total XP
 D = Spawn monster count
 E = Non-spawn monster count
 F = Spawn count percentage of total count
 G = Total turns spent on level
                    A         B        C        D         E        F      G
               +---------+---------+-------+---------+---------+-------+---------
         Total |       0 |  328278 |   0.0 |       0 |     349 |   0.0 | 11822
               +---------+---------+-------+---------+---------+-------+---------
             D |       0 |  328278 |   0.0 |       0 |     349 |   0.0 | 11822
               +---------+---------+-------+---------+---------+-------+---------
